 Dungeon Crawl Stone Soup version 0.23-a0-375-g66a18ee (webtiles) character file.

133 BingusPrime the Bolt Thrower (level 5, -5/31 HPs)
             Began as a Tengu Hunter on Oct 26, 2018.
             Slain by Sigmund
             ... wielding a +0 scythe of flaming
              (12 damage)
             ... on level 4 of the Dungeon.
             The game lasted 00:09:51 (3355 turns).

BingusPrime the Bolt Thrower (Tengu Hunter)         Turns: 3355, Time: 00:09:52

Health: -5/31      AC:  3    Str: 12    XL:     5   Next: 16%
Magic:  6/6        EV:  9    Int: 11    God:
Gold:   226        SH:  0    Dex: 16    Spells: 4/4 levels left

rFire    . . .     SeeInvis .   a - +1 hand crossbow
rCold    + . .     Gourm    .   n - +0 shield
rNeg     . . .     Faith    .   q - +0 leather armour {rPois}
rPois    +         Spirit   .   (helmet restricted)
rElec    .         Reflect  .   (no cloak)
rCorr    .         Harm     .   (no gloves)
MR       .....                  (boots unavailable)
Stlth    +.........             (no amulet)
HPRegen  0.10/turn              r - ring of protection from cold
MPRegen  0.10/turn              s - ring of flight

@: confused
A: beak, talons 3, able to fly 1
a: Fly, Evoke Flight


You were on level 4 of the Dungeon.
You were near starving.

You visited 1 branch of the dungeon, and saw 4 of its levels.

You collected 226 gold pieces.

Inventory:

Hand Weapons
 a - a +1 hand crossbow (weapon)
 b - a +0 short sword
Missiles
 d - 37 bolts (quivered)
Armour
 c - a +0 leather armour
 n - a +0 shield (worn)
 q - a +0 leather armour of poison resistance (worn)
Magical Staves
 p - an uncursed staff of conjuration {unknown}
Jewellery
 r - a ring of protection from cold (left hand)
 s - a ring of flight (right hand)
 u - an uncursed ring of poison resistance
Scrolls
 e - 2 scrolls of remove curse {unknown}
 i - 2 scrolls of fog {unknown}
 j - a scroll of fear {unknown}
 k - 5 scrolls of teleportation
 l - 6 scrolls of identify {unknown}
 t - a scroll of magic mapping {unknown}
Potions
 g - a potion of might {unknown}
 h - a potion of curing {unknown}
 m - a potion of haste {unknown}
 o - 2 potions of heal wounds {unknown}
Comestibles
 f - 9 rations


   Skills:
 + Level 2.4 Fighting
 * Level 6.4 Crossbows
 + Level 1.0 Armour
 + Level 2.5 Dodging
 + Level 1.0 Stealth


You had 4 spell levels left.
You didn't know any spells.
Your spell library was empty.

Dungeon Overview and Level Annotations

Branches:
Dungeon (4/15)
 Temple: D:4-7

Altars:
Cheibriados
Dithmenos
Qazlal
Uskayaw
Vehumet
Yredelemnul

Annotations:
D:4 Sigmund


Innate Abilities, Weirdness & Mutations

You have a beak for a mouth.
You have claws for feet.
You can fly.


Message History

The bullfrog skeleton closely misses you.
Sigmund mumbles some strange words.
Sigmund flickers and vanishes!
Deactivating autopickup; reactivate with Ctrl-A.
The bullfrog skeleton barely misses you.
Firing (i - inventory)
d - 39 bolts (quivered)
Press: ? - help, Shift-Dir - straight line, f/p - bullfrog skeleton
Aim: a bullfrog skeleton (almost destroyed)
You shoot a bolt.
The bullfrog skeleton barely misses you.
Something hits you. Something burns you.
Firing (i - inventory)
d - 38 bolts (quivered)
Press: ? - help, Shift-Dir - straight line, f/p - bullfrog skeleton
Aim: a bullfrog skeleton (almost destroyed)
You shoot a bolt.
The bullfrog skeleton hits you but does no damage.
The bullfrog skeleton hits you.
* * * LOW HITPOINT WARNING * * *
Something hits you!
You die...

#.(.(..>..
#.........
#.........
#.(.......
#.(.......
#!{.......
#(.Z......
#(@.......
#.....(.......
#.#####...>...
.#####. .# ##


You could see a bullfrog skeleton.

Vanquished Creatures
  4 adders (D:3)
  2 worms (D:2)
  2 dart slugs
  5 leopard geckos
  8 giant cockroaches
  2 goblins (D:1)
  8 hobgoblins
  10 jackals
  A quokka (D:3)
  A ball python (D:3)
  9 bats
  5 frilled lizards
  8 kobolds
  10 rats
  A spectral orc (D:3)
76 creatures vanquished.

Vanquished Creatures (others)
  4 toadstools (D:1)
4 creatures vanquished.

Grand Total: 80 creatures vanquished

Notes
Turn   | Place    | Note
-------+----------+-------------------------------------------
     0 | D:1      | BingusPrime the Tengu Hunter began the quest for the Orb.
     0 | D:1      | Reached XP level 1. HP: 12/12 MP: 2/2
   122 | D:1      | Reached XP level 2. HP: 17/17 MP: 3/3
   294 | D:1      | Reached skill level 5 in Crossbows
   370 | D:1      | Reached XP level 3. HP: 21/21 MP: 4/4
   935 | D:2      | Found a shadowy altar of Dithmenos.
  1160 | D:2      | Found a hide-covered altar of Uskayaw.
  1165 | D:2      | Noticed a hand axe
  1166 | D:2      | Noticed a dagger
  1253 | D:2      | Reached XP level 4. HP: 26/26 MP: 5/5
  1307 | D:2      | Found a radiant altar of Vehumet.
  1419 | D:2      | Reached skill level 6 in Crossbows
  2614 | D:3      | Found a stormy altar of Qazlal.
  2719 | D:3      | Gained mutation: You can fly. [Tengu growth]
  2719 | D:3      | Reached XP level 5. HP: 31/31 MP: 6/6
  2736 | D:3      | Reached skill level 1 in Armour
  2907 | D:3      | Found a basalt altar of Yredelemnul.
  2931 | D:3      | Found a snail-covered altar of Cheibriados.
  3057 | D:4      | Noticed Sigmund
  3355 | D:4      | Slain by Sigmund

Vault maps used:
D:1:      elethiomel_arrival_maze, serial_glass, glass_columns_a,
          glass_columns_b, glass_columns_b, glass_columns_a, glass_columns_c,
          minmay_misc_feat_encased, minmay_gold_behind_fungi
D:2:      nicolae_dithmenos_shadow_blocks, dancing_weapons_uskayaw,
          lemuel_coloured_pillars_altar
D:3:      kennysheep_slug_shrine, yredelemnul_forgotten_temple_becter,
          lemuel_crystal_altar, first_ration
D:4:      kennysheep_mini, old_standard_altar, uniq_sigmund

Skill      XL: |  1  2  3  4  5 |
---------------+----------------+-----
Crossbows      | 5 6 |  6.4
Armour         | 1 |  1.0
Fighting       | |  2.4
Dodging        | |  2.5
Stealth        | |  1.0

Action                   |  1- 3 |  4- 6 || total
-------------------------+-------+-------++-------
 Fire: Hand crossbow     |    73 |   100 ||   173
  Use: Scroll            |       |     1 ||     1
  Eat: Chunk             |       |     2 ||     2
       Ration            |       |     1 ||     1
Armor: Leather armour    |     2 |    13 ||    15
Dodge: Dodged            |     9 |    23 ||    32
Block: Shield            |       |    12 ||    12

Table legend:
 A = Non-vault XP
 B = Vault XP
 C = Vault XP percentage of total XP
 D = Non-vault monster count
 E = Vault monster count
 F = Vault count percentage of total count
                 A         B        C        D         E       F
            +---------+---------+-------+---------+---------+-------
      Total |     185 |       5 |   2.6 |      74 |       2 |   2.6
            +---------+---------+-------+---------+---------+-------
        D:1 |      47 |       0 |   0.0 |      25 |       0 |   0.0
        D:2 |      57 |       0 |   0.0 |      27 |       0 |   0.0
        D:3 |      81 |       5 |   5.8 |      22 |       2 |   8.3
            +---------+---------+-------+---------+---------+-------
